 Dungeon Crawl Stone Soup version 0.30.0-20-g3615ddf2f0 (webtiles) character file.

Game seed: 16937122514970374961

81470 qw the Severer (level 15, 0/99 HPs)
             Began as a Gargoyle Fighter on May 28, 2023.
             Was an Elder of Okawaru.
             Slain by an orc warrior
             ... wielding a +0 short sword
              (4 damage)
             ... on level 2 of the Orcish Mines.
             The game lasted 00:12:40 (21610 turns).

qw the Severer (Gargoyle Fighter)                  Turns: 21610, Time: 00:12:41

Health: 0/99       AC: 47    Str: 25    XL:     15   Next: 70%
Magic:  16/22      EV: 15    Int: 13    God:    Okawaru [****..]
Gold:   1719       SH:  8    Dex: 18    Spells: 14/14 levels left

rFire   + . .        p - +9 war axe of a bazaar {speed, rPois Int+4}
rCold   + + .        a - +0 buckler {AC+3}
rNeg    + + .        c - +7 chain mail of the Shoals {+Inv rC++}
rPois   inf          r - +2 hat
rElec   +            g - +1 cloak
rCorr   .            o - +2 pair of gloves
SInv    .            y - +2 pair of boots {rampage}
Will    ++...        (no amulet) Stlth
                     B - ring "Yvilliqe" {Will+ Dex+6}
HPRegen 0.36/turn    b - ring of Wintud {rElec rF+ rN+ Int-2 Dex+3}
MPRegen 0.18/turn

%: rampage
@: about to teleport, heroic, finesse-ful, flying
A: sickness immunity, AC +11, big wings, negative energy resistance 1,
electricity resistance, torment resistance 1, petrification resistance
a: Renounce Religion, Evoke Invisibility, Heroism, Finesse


You were on level 2 of the Orcish Mines.
You worshipped Okawaru.
Okawaru was greatly pleased with you.
You visited 4 branches of the dungeon, and saw 23 of its levels.

You collected 2044 gold pieces.
You spent 325 gold pieces at shops.


Innate Abilities, Weirdness & Mutations

You are immune to sickness and miasma.
Your stone body is resilient. (AC +11)
You are immune to poison.
Your large and strong wings let you fly.
You resist negative energy. (rN+)
You are resistant to electric shocks. (rElec)
You are resistant to unholy torment.
You are immune to petrification.


   Skills:
 + Level 13.4(18.4) Fighting
 - Level 16.0(21.0) Axes
 - Level 6.6(11.6) Throwing
 - Level 11.0(16.0) Armour
 - Level 6.0(11.0) Dodging
 - Level 9.0(14.0) Shields
 - Level 10.0 Invocations


You had 14 spell levels left.
You didn't know any spells.
Your spell library was empty.

Inventory:

Hand Weapons
 p - the +9 war axe of a bazaar (weapon) {speed, rPois Int+4}
   (You bought it in a shop on level 6 of the Dungeon)

   Int:       It affects your intelligence (+4).
   rPois:     It protects you from poison.
 t - a +2 morningstar
Missiles
 q - 2 javelins (quivered)
 u - a boomerang
Armour
 a - a +0 buckler of protection (worn)
 c - the +7 chain mail of the Shoals (worn) {+Inv rC++}
   (Okawaru gifted it to you on level 1 of the Lair of Beasts)

   rC:        It greatly protects you from cold.
   +Inv:      It lets you turn invisible.
 g - a +1 cloak (worn)
 o - a +2 pair of gloves (worn)
 r - a +2 hat (worn)
 y - a +2 pair of boots of rampaging (worn)
 A - a +3 plate armour of willpower
 D - a scarf of resistance
 E - +0 acid dragon scales
Jewellery
 b - the ring of Wintud (right hand) {rElec rF+ rN+ Int-2 Dex+3}
   (You found it on level 3 of the Lair of Beasts)

   [ring of positive energy]

   Int:       It affects your intelligence (-2).
   Dex:       It affects your dexterity (+3).
   rF:        It protects you from fire.
   rElec:     It insulates you from electricity.
   rN:        It protects you from negative energy.
 f - a ring of protection from cold
 w - a +6 ring of dexterity
 z - a ring of fire
 B - the ring "Yvilliqe" (left hand) {Will+ Dex+6}
   (You found it on level 10 of the Dungeon)

   [ring of dexterity]

   Dex:       It affects your dexterity (+6).
   Will:      It increases your willpower.
 Y - the ring of Ituafonu {Fly rPois rF- rN+ Will+++}
   (You found it on level 5 of the Lair of Beasts)

   [ring of positive energy]

   rF:        It makes you vulnerable to fire.
   rPois:     It protects you from poison.
   rN:        It protects you from negative energy.
   Fly:       It grants you flight.
   Will:      It greatly increases your willpower.
Scrolls
 l - 12 scrolls of teleportation
 n - 4 scrolls of identify
 s - 6 scrolls of enchant weapon
Potions
 d - 2 potions of might
 e - 6 potions of heal wounds
 h - 2 potions of resistance
 i - 6 potions of curing
 j - 5 potions of lignification
 k - a potion of attraction
 m - 4 potions of haste
 x - 3 potions of magic
 C - 2 potions of mutation

Dungeon Overview and Level Annotations

Branches:
Dungeon (15/15)            Temple (1/1) D:4            Lair (5/5) D:9
  Swamp (0/4) Lair:3        Snake (0/4) Lair:3        Slime (0/5) Lair:5
    Orc (1/2) D:9          Vaults (0/5) D:14         Depths (0/4) D:15

Altars:
Ashenzari
Cheibriados
Dithmenos
Elyvilon
Fedhas
Gozag
Hepliaklqana
Kikubaaqudgha
Makhleb
Nemelex Xobeh
Okawaru
Qazlal
Ru
Sif Muna
Trog
Uskayaw
Vehumet
Wu Jian
Xom
Yredelemnul
Zin
The Shining One
Jiyva

Shops:
D:6 ::(   Orc:2 [


Message History

Okawaru accepts your kill.
Enter note:
Enter note:
Enter note:
Enter note:
Enter note:
Enter note:
Enter note:
Enter note: You slash the orc sorcerer!
You kill the orc sorcerer!
Okawaru accepts your kill.
You barely miss the orc knight. You completely miss the orc warlord.
The orange demon stings you but does no damage.
An orc warrior comes into view. It is wielding a +0 halberd.
The orc knight roars a battlecry!
The orc warrior goes into a battle-frenzy!
The orc knight closely misses you.
The orc warlord hits you with a +1 great mace of draining!
You block the orc warrior's attack.
An orc sorcerer comes into view. It is wielding a +0 dagger.
You hear a shout! x2
Enter note:
Enter note:
Enter note:
Enter note:
Enter note:
Enter note:
Enter note:
Enter note:
21610 ||| READING 13 scrolls of teleportation.
As you read the scroll of teleportation, it crumbles to dust.
You feel strangely unstable. The sixfirhy barely misses you.
The sixfirhy hits you but does no damage.
The sixfirhy barely misses you.
The orc warlord hits you with a +1 great mace of draining!!
The orange demon stings you but does no damage.
The orc warrior hits you with a +0 short sword.
You die...

### ## ...# #..
....# ###..\
.....# .#...
....oo###...###
...oo4o.....o..
#..4..3ooo3....
#o@ooo...o
#ooooo....
#.ooo.....
#.o.33....
#....o....
#.........
#.........
.........o


You could see an orc warlord (strong), 3 orc knights, a soul eater (summoned), 2
orc high priests, a sun demon (summoned), an orange demon (summoned), a sixfirhy
(summoned), a neqoxec (summoned), a chaos spawn (summoned), 3 orc sorcerers, 8
orc warriors, 5 orc priests and 3 orcs.

Vanquished Creatures
  A dire elephant (D:15)
  A fire dragon (D:15)
  A vault guard (D:14)
  6 hydras
  Erica (Lair:1)
  4 boulder beetles
  3 two-headed ogres
  6 centaur warriors
  2 catoblepae
  3 death yaks (Lair:5)
  An orc high priest (Orc:2)
  4 skeletal warriors (D:15)
  Lodul (D:13)
  3 lindwurms
  An orc knight (D:14)
  7 manticores
  10 ugly things
  An orc sorcerer (Orc:2)
  21 elephants
  3 cyclopes
  2 torpor snails (Lair:5)
  Joseph (Lair:1)
  2 molten gargoyles (D:14)
  3 black mambas
  2 gargoyles
  7 cane toads
  2 freezing wraiths
  Psyche (D:9)
  3 rime drakes (Lair:5)
  An efreet (D:13)
  A yaktaur (shapeshifter) (D:15)
  3 tengu conjurers
  7 komodo dragons
  A troll (shapeshifter) (D:14)
  3 trolls
  A queen bee (shapeshifter) (D:14)
  9 polar bears (Lair:5)
  Prince Ribbit (D:8)
  A wind drake (shapeshifter) (D:15)
  4 raiju (Lair:5)
  17 blink frogs
  4 dream sheep (Lair:5)
  A shadow (D:9)
  11 slime creatures
  4 vampires
  Sigmund (D:3)
  A centaur simulacrum (D:13)
  3 wraiths
  5 wyverns
  44 yaks
  A basilisk (shapeshifter) (D:15)
  3 steam dragons
  3 basilisks
  2 fire elementals (D:14)
  5 vampire mosquitoes (D:14)
  5 acid dragons
  6 wargs (Lair:5)
  3 nagas (Lair:3)
  11 hell hounds (Lair:5)
  21 water moccasins
  A swamp drake (Lair:2)
  8 orc warriors
  3 sky beasts
  An ice beast (D:5)
  13 black bears
  12 ogres
  28 wolves
  12 centaurs
  5 kobold brigands
  A phantom (D:5)
  5 bullfrogs
  4 scorpions
  19 wights
  2 lava snakes (D:14)
  An electric eel (Lair:2)
  4 howler monkeys
  3 hounds
  A gnoll bouda (D:6)
  11 orc priests
  2 jellies
  3 sleepcaps (D:5)
  3 iguanas
  9 orc wizards
  A mummy (D:6)
  7 gnolls
  17 adders
  5 shadow imps
  2 white imps (D:7)
  An ufetubus (D:5)
  A worm (D:2)
  4 dart slugs
  29 orcs
  11 endoplasms
  18 giant cockroaches
  13 goblins
  6 hobgoblins
  25 kobolds
  2 quokkas (D:1)
  5 ball pythons
  2 bats (D:1)
  5 rats
591 creatures vanquished.

Vanquished Creatures (others)
  A water moccasin (Lair:2)
  An adder (Lair:2)
2 creatures vanquished.

Grand Total: 593 creatures vanquished

Notes
Turn   | Place    | Note
-------+----------+-------------------------------------------
     0 | D:1      | qw the Gargoyle Fighter began the quest for the Orb.
     0 | D:1      | Reached XP level 1. HP: 14/14 MP: 1/1
     0 | D:1      | 0 ||| qw: Version: 0.2-a-101-gf8a7cd0
     0 | D:1      | 0 ||| qw: Game counter: 275
     0 | D:1      | 0 ||| qw: Always use a shield: true
     0 | D:1      | 0 ||| qw: God list: Okawaru
     0 | D:1      | 0 ||| qw: Allow faded altars: false
     0 | D:1      | 0 ||| qw: Do Orc after D:15 true
     0 | D:1      | 0 ||| qw: Do second Lair branch before Depths: true
     0 | D:1      | 0 ||| qw: Lair rune preference: random
     0 | D:1      | 0 ||| qw: Plans: Normal, Zot:1-4, Slime:5, God:TSO, Crypt,
                  | Tomb, Pan, Hells, Abyss, Win
     0 | D:1      | 0 ||| PLANNING D:1-11
    18 | D:1      | Reached skill level 2 in Axes
    77 | D:1      | 77 ||| FLEEEEING.
    78 | D:1      | 78 ||| FLEEEEING.
    79 | D:1      | 79 ||| FLEEEEING.
   156 | D:1      | Reached XP level 2. HP: 16/19 MP: 2/2
   239 | D:1      | 239 ||| Stepping ~*~*~tactically~*~*~ (hiding).
   240 | D:1      | 240 ||| Stepping ~*~*~tactically~*~*~ (hiding).
   349 | D:1      | 349 ||| Stepping ~*~*~tactically~*~*~ (hiding).
   350 | D:1      | 350 ||| Stepping ~*~*~tactically~*~*~ (hiding).
   352 | D:1      | 352 ||| Stepping ~*~*~tactically~*~*~ (hiding).
   353 | D:1      | 353 ||| Stepping ~*~*~tactically~*~*~ (hiding).
   818 | D:1      | 818 ||| UPGRADING to +0 plate armour.
   828 | D:1      | 828 ||| DROPPING +0 scale mail.
   829 | D:1      | 829 ||| UPGRADING to +6 ring of dexterity.
   830 | D:1      | 830 ||| READING scroll labelled SUILOH WOTI.
   842 | D:2      | Reached skill level 3 in Axes
   849 | D:2      | Reached XP level 3. HP: 23/23 MP: 3/3
   876 | D:2      | 876 ||| Stepping ~*~*~tactically~*~*~ (stealth).
   893 | D:2      | 893 ||| Stepping ~*~*~tactically~*~*~ (stealth).
   894 | D:2      | 894 ||| Stepping ~*~*~tactically~*~*~ (stealth).
   895 | D:2      | 895 ||| Stepping ~*~*~tactically~*~*~ (stealth).
  1277 | D:2      | Reached XP level 4. HP: 28/28 MP: 4/4
  1697 | D:2      | 1697 ||| READING scroll labelled KEEPPE MOMNEQI.
  1698 | D:2      | 1698 ||| READING scroll labelled ELOJOUCV VATEP.
  1698 | D:2      | Identified a scroll of acquirement
  1698 | D:2      | 1698 ||| ACQUIRING +0 buckler of protection
  1698 | D:2      | Acquired a +0 buckler of protection
  1700 | D:2      | 1700 ||| UPGRADING to +0 buckler of protection.
  1710 | D:2      | 1710 ||| DROPPING +0 buckler.
  1711 | D:2      | 1711 ||| READING scroll labelled OQUCKAFERO.
  1712 | D:2      | 1712 ||| READING scroll labelled NUGE LAFOW.
  1713 | D:2      | 1713 ||| READING scroll labelled HEGHUO HEFAI.
  1779 | D:3      | Noticed Sigmund
  1780 | D:3      | 1780 ||| Stepping ~*~*~tactically~*~*~ (hiding).
  1783 | D:3      | 1783 ||| Stepping ~*~*~tactically~*~*~ (hiding).
  1784 | D:3      | 1784 ||| Stepping ~*~*~tactically~*~*~ (hiding).
  1829 | D:3      | Killed Sigmund
  1830 | D:3      | Reached skill level 5 in Axes
  1830 | D:3      | Reached XP level 5. HP: 11/32 MP: 5/5
  1920 | D:3      | 1920 ||| Stepping ~*~*~tactically~*~*~ (stealth).
  1921 | D:3      | 1921 ||| Stepping ~*~*~tactically~*~*~ (stealth).
  1924 | D:3      | 1924 ||| Stepping ~*~*~tactically~*~*~ (stealth).
  1925 | D:3      | 1925 ||| Stepping ~*~*~tactically~*~*~ (stealth).
  1933 | D:3      | 1933 ||| DROPPING +0 whip.
  1963 | D:3      | Reached XP level 6. HP: 35/37 MP: 6/6
  1984 | D:3      | 1984 ||| Stepping ~*~*~tactically~*~*~ (hiding).
  2085 | D:3      | 2085 ||| Stepping ~*~*~tactically~*~*~ (stealth).
  2092 | D:3      | Reached skill level 1 in Dodging
  2408 | D:3      | Found a shimmering altar of Xom.
  2634 | D:4      | Found a stormy altar of Qazlal.
  2755 | D:4      | Found a staircase to the Ecumenical Temple.
  2756 | D:4      | 2756 ||| PLANNING TEMPLE
  2756 | D:4      | 2756 ||| READING scroll labelled ADU AQIDUNAN.
  2765 | Temple   | Entered the Ecumenical Temple
  2792 | Temple   | 2792 ||| PLANNING OKAWARU WORSHIP
  2802 | Temple   | Became a worshipper of Warmaster Okawaru
  2802 | Temple   | 2802 ||| PLANNING D:1-11
  2833 | D:4      | 2833 ||| Stepping ~*~*~tactically~*~*~ (hiding).
  2834 | D:4      | 2834 ||| Stepping ~*~*~tactically~*~*~ (hiding).
  3402 | D:4      | 3402 ||| READING scroll labelled ENGULA LUETRID.
  3436 | D:5      | Entered Level 5 of the Dungeon
  3441 | D:5      | Reached XP level 7. HP: 44/44 MP: 7/7
  3443 | D:5      | 3443 ||| Stepping ~*~*~tactically~*~*~ (stealth).
  3450 | D:5      | 3450 ||| Stepping ~*~*~tactically~*~*~ (hiding).
  3461 | D:5      | Reached skill level 6 in Axes
  3575 | D:5      | 3575 ||| FLEEEEING.
  3576 | D:5      | 3576 ||| FLEEEEING.
  3577 | D:5      | 3577 ||| FLEEEEING.
  3578 | D:5      | 3578 ||| FLEEEEING.
  3579 | D:5      | 3579 ||| FLEEEEING.
  3580 | D:5      | 3580 ||| FLEEEEING.
  3583 | D:5      | 3583 ||| FLEEEEING.
  3584 | D:5      | 3584 ||| FLEEEEING.
  3585 | D:5      | 3585 ||| STAIRDANCE
  3695 | D:5      | Reached * piety under Okawaru
  3748 | D:5      | 3748 ||| Stepping ~*~*~tactically~*~*~ (hiding).
  3828 | D:5      | Reached skill level 1 in Invocations
  3838 | D:5      | Noticed a steam dragon
  3839 | D:5      | 3839 ||| INVOKING Heroism.
  3847 | D:5      | Killed a steam dragon
  3848 | D:5      | Reached skill level 7 in Axes
  3848 | D:5      | Reached XP level 8. HP: 32/48 MP: 5/9
  4129 | D:5      | Reached skill level 3 in Invocations
  4147 | D:5      | Reached ** piety under Okawaru
  4148 | D:5      | Reached skill level 1 in Throwing
  4329 | D:5      | 4329 ||| READING scroll of enchant weapon.
  4329 | D:5      | 4329 ||| ENCHANTING +1 war axe of venom.
  4497 | D:5      | 4497 ||| READING 7 scrolls labelled FUT HESTRAAHOU.
  4501 | D:5      | 4501 ||| DRINKING 3 fizzy purple potions.
  4543 | D:6      | Found Bebiosim's Book Emporium.
  4543 | D:6      | Found Zeitziub's Book Emporium.
  4543 | D:6      | Found Ziawk's Antique Weapon Emporium.
  4544 | D:6      | 4544 ||| PLANNING OSSUARY
  4547 | D:6      | 4547 ||| Stepping randomly (stuck).
  4548 | D:6      | 4548 ||| STAIRDANCE
  4643 | D:6      | 4643 ||| Stepping ~*~*~tactically~*~*~ (hiding).
  4647 | D:6      | 4647 ||| INVOKING Heroism.
  4715 | D:6      | Reached skill level 8 in Axes
  4717 | D:6      | 4717 ||| INVOKING Heroism.
  4765 | D:6      | Reached skill level 6 in Fighting
  4871 | D:6      | Found an ornate altar of the Wu Jian Council.
  4924 | D:6      | 4924 ||| Stepping ~*~*~tactically~*~*~ (hiding).
  4928 | D:6      | 4928 ||| INVOKING Heroism.
  4935 | D:6      | Reached XP level 9. HP: 48/55 MP: 9/12
  5202 | D:6      | 5202 ||| RIP OSSUARY
  5250 | D:6      | 5250 ||| PLANNING D:1-11
  5251 | D:6      | 5251 ||| INVOKING Heroism.
  5415 | D:6      | 5415 ||| READING 3 scrolls of identify.
  5415 | D:6      | 5415 ||| IDENTIFYING grey potion
  5416 | D:6      | 5416 ||| READING 2 scrolls of identify.
  5416 | D:6      | 5416 ||| IDENTIFYING metallic brown potion
  5417 | D:6      | 5417 ||| DROPPING potion of berserk rage.
  5443 | D:7      | 5443 ||| INVOKING Heroism.
  5507 | D:7      | Found a flagged portal.
  5578 | D:7      | 5578 ||| Stepping ~*~*~tactically~*~*~ (hiding).
  5579 | D:7      | 5579 ||| Stepping ~*~*~tactically~*~*~ (hiding).
  5623 | D:6      | 5623 ||| BUYING broad axe (104 gold).
  5623 | D:6      | Bought a broad axe for 104 gold pieces
  5623 | D:6      | 5623 ||| BUYING dazzling war axe (221 gold).
  5623 | D:6      | Bought a dazzling war axe for 221 gold pieces
  5623 | D:6      | Identified the +9 war axe of a bazaar {speed, rPois Int+4}
                  | (You bought it in a shop on level 6 of the Dungeon)
  5623 | D:6      | 5623 ||| SWAPPING to +9 war axe of a bazaar {speed, rPois
                  | Int+4}.
  5624 | D:6      | 5624 ||| DROPPING +0 broad axe.
  5625 | D:6      | 5625 ||| DROPPING +2 war axe of venom.
  5658 | D:7      | 5658 ||| DRINKING 4 potions of curing.
  5658 | D:7      | 5658 ||| (to cure confusion)
  5662 | D:7      | Reached skill level 9 in Axes
  5672 | D:7      | Found a blossoming altar of Fedhas.
  5674 | D:7      | 5674 ||| Stepping ~*~*~tactically~*~*~ (hiding).
  5687 | D:7      | 5687 ||| INVOKING Heroism.
  5853 | D:7      | 5853 ||| Stepping ~*~*~tactically~*~*~ (hiding).
  5870 | D:7      | 5870 ||| Stepping ~*~*~tactically~*~*~ (stealth).
  5875 | D:7      | 5875 ||| Stepping ~*~*~tactically~*~*~ (hiding).
  5877 | D:7      | 5877 ||| Stepping ~*~*~tactically~*~*~ (stealth).
  5890 | D:7      | 5890 ||| Stepping ~*~*~tactically~*~*~ (stealth).
  5892 | D:7      | Found an ancient bone altar of Kikubaaqudgha.
  6080 | D:7      | 6080 ||| READING scroll labelled NIWKUI NOCW.
  6115 | D:7      | 6115 ||| READING scroll labelled XETUPP BIFIS.
  6116 | D:7      | 6116 ||| READING scroll labelled RATOSU ORHE.
  6117 | D:7      | 6117 ||| READING 2 scrolls of identify.
  6117 | D:7      | 6117 ||| IDENTIFYING fizzy grey potion
  6207 | D:8      | 6207 ||| Stepping ~*~*~tactically~*~*~ (stealth).
  6208 | D:8      | 6208 ||| Stepping ~*~*~tactically~*~*~ (stealth).
  6306 | D:7      | 6306 ||| Stepping ~*~*~tactically~*~*~ (hiding).
  6307 | D:7      | 6307 ||| Stepping ~*~*~tactically~*~*~ (hiding).
  6310 | D:7      | 6310 ||| INVOKING Heroism.
  6315 | D:7      | 6315 ||| Stepping ~*~*~tactically~*~*~ (hiding).
  6316 | D:7      | 6316 ||| Stepping ~*~*~tactically~*~*~ (hiding).
  6471 | D:7      | 6471 ||| READING scroll labelled CUORABANAJE.
  6472 | D:7      | 6472 ||| DRINKING 2 viscous pink potions.
  6473 | D:7      | 6473 ||| DROPPING potion of flight.
  6501 | D:8      | 6501 ||| FLEEEEING.
  6502 | D:8      | 6502 ||| FLEEEEING.
  6503 | D:8      | 6503 ||| FLEEEEING.
  6504 | D:8      | 6504 ||| FLEEEEING.
  6505 | D:8      | 6505 ||| STAIRDANCE
  6661 | D:8      | 6661 ||| FLEEEEING.
  6662 | D:8      | 6662 ||| FLEEEEING.
  6663 | D:8      | 6663 ||| FLEEEEING.
  6664 | D:8      | 6664 ||| FLEEEEING.
  6666 | D:8      | 6666 ||| FLEEEEING.
  6667 | D:8      | 6667 ||| FLEEEEING.
  6668 | D:8      | 6668 ||| FLEEEEING.
  6669 | D:8      | 6669 ||| FLEEEEING.
  6670 | D:8      | 6670 ||| FLEEEEING.
  6671 | D:8      | 6671 ||| FLEEEEING.
  6672 | D:8      | 6672 ||| FLEEEEING.
  6673 | D:8      | 6673 ||| FLEEEEING.
  6674 | D:8      | 6674 ||| FLEEEEING.
  6675 | D:8      | 6675 ||| STAIRDANCE
  6810 | D:8      | Reached skill level 10 in Axes
  6810 | D:8      | Reached XP level 10. HP: 62/63 MP: 13/13
  6815 | D:8      | Reached *** piety under Okawaru
  6823 | D:8      | Reached skill level 6 in Armour
  6882 | D:8      | 6882 ||| INVOKING Heroism.
  7216 | D:8      | Noticed Prince Ribbit
  7226 | D:8      | Killed Prince Ribbit
  7275 | D:8      | 7275 ||| Stepping ~*~*~tactically~*~*~ (hiding).
  7276 | D:8      | 7276 ||| Stepping ~*~*~tactically~*~*~ (hiding).
  7301 | D:8      | 7301 ||| Stepping ~*~*~tactically~*~*~ (stealth).
  7327 | D:8      | Reached **** piety under Okawaru
  7345 | D:8      | Found a white marble altar of Elyvilon.
  7445 | D:9      | 7445 ||| STAIRDANCE
  7491 | D:9      | 7491 ||| STAIRDANCE
  7549 | D:9      | Found a glowing golden altar of the Shining One.
  7549 | D:9      | Noticed Psyche
  7550 | D:9      | 7550 ||| INVOKING Heroism.
  7572 | D:9      | 7572 ||| DROPPING +1 hand axe of flaming.
  7582 | D:9      | Killed Psyche
  7750 | D:9      | 7750 ||| Stepping ~*~*~tactically~*~*~ (stealth).
  7756 | D:9      | 7756 ||| FLEEEEING.
  7757 | D:9      | 7757 ||| FLEEEEING.
  7758 | D:9      | 7758 ||| FLEEEEING.
  7759 | D:9      | 7759 ||| STAIRDANCE
  7808 | D:8      | 7808 ||| DROPPING +0 club.
  7832 | D:8      | 7832 ||| DROPPING +0 whip.
  7864 | D:9      | 7864 ||| STAIRDANCE
  7931 | D:9      | 7931 ||| Stepping ~*~*~tactically~*~*~ (hiding).
  7932 | D:9      | 7932 ||| Stepping ~*~*~tactically~*~*~ (hiding).
  7935 | D:9      | 7935 ||| Stepping ~*~*~tactically~*~*~ (hiding).
  7936 | D:9      | 7936 ||| Stepping ~*~*~tactically~*~*~ (hiding).
  7937 | D:9      | 7937 ||| Stepping ~*~*~tactically~*~*~ (hiding).
  7938 | D:9      | 7938 ||| Stepping ~*~*~tactically~*~*~ (hiding).
  8012 | D:9      | Reached skill level 11 in Axes
  8015 | D:9      | Reached skill level 6 in Invocations
  8025 | D:9      | 8025 ||| DRINKING 5 potions of curing.
  8025 | D:9      | 8025 ||| (to cure confusion)
  8030 | D:9      | 8030 ||| INVOKING Heroism.
  8036 | D:9      | 8036 ||| Stepping ~*~*~tactically~*~*~ (stealth).
  8051 | D:9      | Reached XP level 11. HP: 47/69 MP: 15/15
  8122 | D:9      | 8122 ||| DROPPING +0 morningstar.
  8181 | D:9      | Found a staircase to the Orcish Mines.
  8207 | D:9      | 8207 ||| Stepping ~*~*~tactically~*~*~ (stealth).
  8229 | D:9      | 8229 ||| Stepping ~*~*~tactically~*~*~ (stealth).
  8230 | D:9      | 8230 ||| Stepping ~*~*~tactically~*~*~ (stealth).
  8231 | D:9      | 8231 ||| Stepping ~*~*~tactically~*~*~ (stealth).
  8253 | D:9      | 8253 ||| INVOKING Heroism.
  8395 | D:9      | Reached skill level 9 in Fighting
  8438 | D:9      | 8438 ||| Stepping ~*~*~tactically~*~*~ (stealth).
  8452 | D:9      | 8452 ||| INVOKING Heroism.
  8487 | D:9      | 8487 ||| INVOKING Heroism.
  8488 | D:9      | Found a staircase to the Lair.
  8492 | D:9      | Received a gift from Okawaru
  8811 | D:9      | 8811 ||| INVOKING Heroism.
  8898 | D:9      | 8898 ||| PLANNING LAIR
  8898 | D:9      | 8898 ||| DROPPING amulet of magic regeneration.
  8899 | D:9      | 8899 ||| READING scroll labelled AZUMIRUOTH.
  8934 | Lair:1   | Entered Level 1 of the Lair of Beasts
  8939 | Lair:1   | 8939 ||| Stepping ~*~*~tactically~*~*~ (stealth).
  8948 | Lair:1   | Noticed Erica
  8949 | Lair:1   | 8949 ||| INVOKING Heroism.
  8967 | Lair:1   | Killed Erica
  8993 | Lair:1   | Reached ***** piety under Okawaru
  9082 | Lair:1   | 9082 ||| DROPPING +1 broad axe of electrocution.
  9137 | Lair:1   | Reached skill level 9 in Invocations
  9148 | Lair:1   | Noticed Joseph
  9149 | Lair:1   | 9149 ||| Stepping ~*~*~tactically~*~*~ (hiding).
  9152 | Lair:1   | 9152 ||| Stepping ~*~*~tactically~*~*~ (hiding).
  9162 | Lair:1   | Killed Joseph
  9244 | Lair:1   | 9244 ||| INVOKING Heroism.
  9252 | Lair:1   | Identified the +7 chain mail of the Shoals {+Inv rC++}
                  | (Okawaru gifted it to you on level 1 of the Lair of Beasts)
  9252 | Lair:1   | Received a gift from Okawaru
  9395 | Lair:1   | 9395 ||| INVOKING Heroism.
  9471 | Lair:1   | 9471 ||| Stepping ~*~*~tactically~*~*~ (stealth).
  9473 | Lair:1   | 9473 ||| Stepping ~*~*~tactically~*~*~ (stealth).
  9474 | Lair:1   | 9474 ||| Stepping ~*~*~tactically~*~*~ (stealth).
  9492 | Lair:1   | 9492 ||| INVOKING Heroism.
  9634 | Lair:1   | 9634 ||| INVOKING Heroism.
  9677 | Lair:1   | Reached skill level 12 in Axes
  9677 | Lair:1   | Reached XP level 12. HP: 76/76 MP: 19/19
  9717 | Lair:1   | Identified the +10 long sword "Niborad" {heavy, *Slow rCorr
                  | MP+9 Int+3 Dex+2}
 10020 | Lair:1   | 10020 ||| UPGRADING to +7 chain mail of the Shoals {+Inv
                  | rC++}.
 10030 | Lair:1   | 10030 ||| DROPPING +0 plate armour.
 10031 | Lair:1   | 10031 ||| UPGRADING to +1 hat.
 10036 | Lair:1   | 10036 ||| READING 2 scrolls of identify.
 10036 | Lair:1   | 10036 ||| IDENTIFYING golden potion
 10037 | Lair:1   | 10037 ||| DROPPING potion of brilliance.
 10057 | Lair:2   | Noticed a five-headed hydra
 10058 | Lair:2   | 10058 ||| INVOKING Heroism.
 10059 | Lair:2   | 10059 ||| INVOKING Finesse.
 10065 | Lair:2   | 10065 ||| SWAPPING to +2 morningstar.
 10072 | Lair:2   | Killed a five-headed hydra
 10073 | Lair:2   | 10073 ||| SWAPPING to +9 war axe of a bazaar {speed, rPois
                  | Int+4}.
 10145 | Lair:2   | 10145 ||| INVOKING Heroism.
 10150 | Lair:2   | 10150 ||| Stepping ~*~*~tactically~*~*~ (cloud).
 10288 | Lair:2   | 10288 ||| INVOKING Heroism.
 10298 | Lair:2   | Reached skill level 3 in Dodging
 10356 | Lair:2   | 10356 ||| READING scroll of enchant armour.
 10356 | Lair:2   | 10356 ||| ENCHANTING +1 hat.
 10382 | Lair:2   | 10382 ||| INVOKING Heroism.
 10492 | Lair:2   | Reached skill level 6 in Shields
 10541 | Lair:2   | 10541 ||| READING scroll labelled CAMUIZ FEIRIPS.
 10542 | Lair:2   | 10542 ||| READING 2 scrolls of identify.
 10542 | Lair:2   | 10542 ||| IDENTIFYING fizzy dark potion
 10877 | Lair:2   | Reached skill level 3 in Throwing
 10951 | Lair:2   | 10951 ||| Stepping ~*~*~tactically~*~*~ (water).
 10989 | Lair:2   | 10989 ||| Stepping ~*~*~tactically~*~*~ (stealth).
 11021 | Lair:2   | 11021 ||| Stepping ~*~*~tactically~*~*~ (stealth).
 11161 | Lair:2   | 11161 ||| READING 2 scrolls of identify.
 11161 | Lair:2   | 11161 ||| IDENTIFYING glowing silvery potion
 11180 | Lair:3   | Identified the ring of Wintud {rElec rF+ rN+ Int-2 Dex+3}
 11186 | Lair:3   | 11186 ||| INVOKING Heroism.
 11250 | Lair:3   | You fall into a shaft and drop 2 floors!
 11250 | Lair:5   | Entered Level 5 of the Lair of Beasts
 11250 | Lair:5   | Noticed a seven-headed hydra
 11251 | Lair:5   | 11251 ||| INVOKING Heroism.
 11257 | Lair:5   | 11257 ||| SWAPPING to +2 morningstar.
 11267 | Lair:5   | Killed a seven-headed hydra
 11267 | Lair:5   | Received a gift from Okawaru
 11268 | Lair:5   | 11268 ||| SWAPPING to +9 war axe of a bazaar {speed, rPois
                  | Int+4}.
 11413 | Lair:5   | 11413 ||| Stepping ~*~*~tactically~*~*~ (stealth).
 11415 | Lair:5   | 11415 ||| Stepping ~*~*~tactically~*~*~ (stealth).
 11417 | Lair:5   | 11417 ||| Stepping ~*~*~tactically~*~*~ (stealth).
 11443 | Lair:5   | Reached skill level 13 in Axes
 11561 | Lair:5   | 11561 ||| INVOKING Heroism.
 11583 | Lair:5   | Reached XP level 13. HP: 59/82 MP: 20/20
 11668 | Lair:5   | 11668 ||| Stepping ~*~*~tactically~*~*~ (stealth).
 11694 | Lair:5   | Identified the ring of Ituafonu {Fly rPois rF- rN+ Will+++}
 11737 | Lair:5   | 11737 ||| UPGRADING to ring of Wintud {rElec rF+ rN+ Int-2
                  | Dex+3}.
 11738 | Lair:5   | 11738 ||| UPGRADING to ring of Ituafonu {Fly rPois rF- rN+
                  | Will+++}.
 11823 | Lair:4   | 11823 ||| Stepping ~*~*~tactically~*~*~ (stealth).
 11830 | Lair:4   | 11830 ||| Stepping ~*~*~tactically~*~*~ (stealth).
 11842 | Lair:4   | Reached skill level 14 in Axes
 11869 | Lair:4   | 11869 ||| INVOKING Heroism.
 11870 | Lair:4   | 11870 ||| INVOKING Finesse.
 11871 | Lair:4   | 11871 ||| Stepping ~*~*~tactically~*~*~ (hiding).
 11872 | Lair:4   | 11872 ||| Stepping ~*~*~tactically~*~*~ (hiding).
 11883 | Lair:4   | Received a gift from Okawaru
 12075 | Lair:4   | 12075 ||| INVOKING Heroism.
 12125 | Lair:4   | 12125 ||| Stepping ~*~*~tactically~*~*~ (stealth).
 12126 | Lair:4   | 12126 ||| Stepping ~*~*~tactically~*~*~ (stealth).
 12127 | Lair:4   | 12127 ||| Stepping ~*~*~tactically~*~*~ (stealth).
 12154 | Lair:4   | 12154 ||| UPGRADING to +0 cloak.
 12159 | Lair:4   | 12159 ||| READING scroll of enchant armour.
 12159 | Lair:4   | 12159 ||| ENCHANTING +0 cloak.
 12160 | Lair:4   | 12160 ||| DROPPING ring of magical power.
 12161 | Lair:4   | 12161 ||| READING scroll labelled BIUDDE IQIVOAD.
 12277 | Lair:3   | 12277 ||| Stepping ~*~*~tactically~*~*~ (hiding).
 12280 | Lair:3   | Found a staircase to the Snake Pit.
 12385 | Lair:3   | 12385 ||| INVOKING Heroism.
 12402 | Lair:3   | 12402 ||| Stepping ~*~*~tactically~*~*~ (stealth).
 12407 | Lair:3   | Found a staircase to the Swamp.
 12576 | Lair:3   | 12576 ||| INVOKING Heroism.
 12616 | Lair:3   | 12616 ||| INVOKING Heroism.
 12632 | Lair:3   | 12632 ||| SWAPPING to +2 morningstar.
 12636 | Lair:3   | 12636 ||| SWAPPING to +9 war axe of a bazaar {speed, rPois
                  | Int+4}.
 12931 | Lair:3   | 12931 ||| Stepping ~*~*~tactically~*~*~ (hiding).
 13155 | Lair:3   | 13155 ||| READING 2 scrolls of identify.
 13155 | Lair:3   | 13155 ||| IDENTIFYING green potion
 13156 | Lair:3   | 13156 ||| DROPPING potion of degeneration.
 13335 | Lair:4   | 13335 ||| Stepping ~*~*~tactically~*~*~ (stealth).
 13412 | Lair:4   | 13412 ||| Stepping ~*~*~tactically~*~*~ (stealth).
 13414 | Lair:4   | 13414 ||| Stepping ~*~*~tactically~*~*~ (stealth).
 13422 | Lair:4   | 13422 ||| Stepping ~*~*~tactically~*~*~ (stealth).
 13423 | Lair:4   | 13423 ||| Stepping ~*~*~tactically~*~*~ (stealth).
 13637 | Lair:4   | 13637 ||| INVOKING Heroism.
 13764 | Lair:4   | 13764 ||| UPGRADING to +0 pair of gloves.
 13814 | Lair:5   | 13814 ||| INVOKING Heroism.
 13842 | Lair:5   | Received a gift from Okawaru
 13905 | Lair:5   | Found a viscous altar of Jiyva.
 13905 | Lair:5   | Found a staircase to the Slime Pits.
 13922 | Lair:5   | 13922 ||| Stepping ~*~*~tactically~*~*~ (stealth).
 13923 | Lair:5   | 13923 ||| Stepping ~*~*~tactically~*~*~ (stealth).
 13924 | Lair:5   | 13924 ||| INVOKING Heroism.
 13979 | Lair:5   | 13979 ||| INVOKING Finesse.
 13985 | Lair:5   | 13985 ||| SWAPPING to +2 morningstar.
 13989 | Lair:5   | 13989 ||| SWAPPING to +9 war axe of a bazaar {speed, rPois
                  | Int+4}.
 14037 | Lair:5   | 14037 ||| READING scroll of enchant armour.
 14037 | Lair:5   | 14037 ||| ENCHANTING +0 pair of gloves.
 14102 | Lair:5   | 14102 ||| INVOKING Heroism.
 14119 | Lair:5   | 14119 ||| Stepping ~*~*~tactically~*~*~ (stealth).
 14122 | Lair:5   | 14122 ||| Stepping ~*~*~tactically~*~*~ (stealth).
 14209 | Lair:5   | 14209 ||| READING scroll of enchant armour.
 14209 | Lair:5   | 14209 ||| ENCHANTING +1 pair of gloves.
 14246 | Lair:5   | 14246 ||| INVOKING Heroism.
 14280 | Lair:5   | 14280 ||| Stepping ~*~*~tactically~*~*~ (stealth).
 14384 | Lair:5   | Reached skill level 15 in Axes
 14390 | Lair:5   | Gained mutation: Your large and strong wings let you fly.
                  | [Gargoyle growth]
 14390 | Lair:5   | Reached XP level 14. HP: 88/90 MP: 21/21
 14398 | Lair:5   | 14398 ||| Stepping ~*~*~tactically~*~*~ (stealth).
 14400 | Lair:5   | 14400 ||| Stepping ~*~*~tactically~*~*~ (stealth).
 14402 | Lair:5   | 14402 ||| INVOKING Heroism.
 14417 | Lair:5   | Reached skill level 6 in Throwing
 14419 | Lair:5   | 14419 ||| SWAPPING to +2 morningstar.
 14428 | Lair:5   | 14428 ||| SWAPPING to +9 war axe of a bazaar {speed, rPois
                  | Int+4}.
 14441 | Lair:5   | Reached skill level 9 in Armour
 14555 | Lair:5   | 14555 ||| INVOKING Heroism.
 14643 | Lair:5   | 14643 ||| INVOKING Heroism.
 14647 | Lair:5   | 14647 ||| Stepping ~*~*~tactically~*~*~ (hiding).
 14821 | Lair:5   | 14821 ||| Stepping ~*~*~tactically~*~*~ (stealth).
 14876 | Lair:5   | 14876 ||| Stepping ~*~*~tactically~*~*~ (stealth).
 14898 | Lair:5   | 14898 ||| INVOKING Heroism.
 14904 | Lair:5   | Reached skill level 12 in Fighting
 14915 | Lair:5   | 14915 ||| Stepping ~*~*~tactically~*~*~ (stealth).
 14919 | Lair:5   | 14919 ||| Stepping ~*~*~tactically~*~*~ (stealth).
 14936 | Lair:5   | 14936 ||| Stepping ~*~*~tactically~*~*~ (stealth).
 14939 | Lair:5   | 14939 ||| Stepping ~*~*~tactically~*~*~ (stealth).
 14940 | Lair:5   | 14940 ||| Stepping ~*~*~tactically~*~*~ (stealth).
 14943 | Lair:5   | 14943 ||| Stepping ~*~*~tactically~*~*~ (stealth).
 14997 | Lair:5   | 14997 ||| Stepping ~*~*~tactically~*~*~ (stealth).
 15018 | Lair:5   | 15018 ||| Stepping ~*~*~tactically~*~*~ (stealth).
 15034 | Lair:5   | 15034 ||| Stepping ~*~*~tactically~*~*~ (stealth).
 15037 | Lair:5   | 15037 ||| Stepping ~*~*~tactically~*~*~ (hiding).
 15061 | Lair:5   | 15061 ||| INVOKING Heroism.
 15106 | Lair:5   | 15106 ||| Stepping ~*~*~tactically~*~*~ (stealth).
 15108 | Lair:5   | 15108 ||| Stepping ~*~*~tactically~*~*~ (stealth).
 15110 | Lair:5   | 15110 ||| Stepping ~*~*~tactically~*~*~ (hiding).
 15184 | Lair:5   | 15184 ||| Stepping ~*~*~tactically~*~*~ (stealth).
 15188 | Lair:5   | 15188 ||| INVOKING Heroism.
 15223 | Lair:5   | 15223 ||| FLEEEEING.
 15331 | Lair:5   | 15331 ||| INVOKING Heroism.
 15334 | Lair:5   | Received a gift from Okawaru
 15366 | Lair:5   | 15366 ||| INVOKING Heroism.
 15483 | Lair:5   | Identified the +6 glaive of Apsyry {flame, Will+ Str+3}
 15500 | Lair:5   | 15500 ||| Stepping ~*~*~tactically~*~*~ (hiding).
 15534 | Lair:5   | 15534 ||| Stepping ~*~*~tactically~*~*~ (hiding).
 15556 | Lair:5   | Received a gift from Okawaru
 15803 | Lair:5   | 15803 ||| PLANNING D:1-11
 15803 | Lair:5   | 15803 ||| UPGRADING to +2 pair of boots of rampaging.
 15808 | Lair:5   | 15808 ||| READING scroll labelled VYSSUTERAWK.
 15809 | Lair:5   | 15809 ||| READING 2 scrolls of identify.
 15809 | Lair:5   | 15809 ||| IDENTIFYING smoky grey potion
 15939 | D:10     | Entered Level 10 of the Dungeon
 16123 | D:10     | Found an ancient bone altar of Kikubaaqudgha.
 16259 | D:10     | 16259 ||| Stepping ~*~*~tactically~*~*~ (stealth).
 16323 | D:10     | Identified the ring "Yvilliqe" {Will+ Dex+6}
 16571 | D:10     | Reached skill level 16 in Axes
 16584 | D:10     | 16584 ||| UPGRADING to ring "Yvilliqe" {Will+ Dex+6}.
 16586 | D:10     | 16586 ||| READING 4 scrolls of identify.
 16586 | D:10     | 16586 ||| IDENTIFYING purple potion
 16587 | D:10     | 16587 ||| DROPPING potion of invisibility.
 17077 | D:11     | 17077 ||| PLANNING D
 17094 | D:12     | Found a snail-covered altar of Cheibriados.
 17134 | D:12     | You are sucked into a shaft and drop 2 floors!
 17208 | D:14     | Found a gate to the Vaults.
 17218 | D:14     | Received a gift from Okawaru
 17225 | D:14     | 17225 ||| INVOKING Heroism.
 17446 | D:14     | 17446 ||| Stepping ~*~*~tactically~*~*~ (stealth).
 17458 | D:14     | 17458 ||| Stepping ~*~*~tactically~*~*~ (stealth).
 17464 | D:14     | 17464 ||| Stepping ~*~*~tactically~*~*~ (stealth).
 17508 | D:14     | 17508 ||| Stepping ~*~*~tactically~*~*~ (stealth).
 17523 | D:14     | 17523 ||| DROPPING +6 ring of intelligence.
 17524 | D:14     | 17524 ||| READING 4 scrolls of identify.
 17524 | D:14     | 17524 ||| IDENTIFYING murky puce potion
 17572 | D:13     | 17572 ||| Stepping ~*~*~tactically~*~*~ (hiding).
 17575 | D:13     | 17575 ||| Stepping ~*~*~tactically~*~*~ (hiding).
 17609 | D:13     | 17609 ||| Stepping ~*~*~tactically~*~*~ (hiding).
 17866 | D:12     | 17866 ||| Stepping ~*~*~tactically~*~*~ (hiding).
 17867 | D:12     | 17867 ||| Stepping ~*~*~tactically~*~*~ (hiding).
 17875 | D:12     | 17875 ||| Stepping ~*~*~tactically~*~*~ (hiding).
 17881 | D:12     | 17881 ||| Stepping ~*~*~tactically~*~*~ (hiding).
 17998 | D:12     | 17998 ||| Stepping ~*~*~tactically~*~*~ (stealth).
 18001 | D:12     | 18001 ||| INVOKING Heroism.
 18011 | D:12     | 18011 ||| INVOKING Finesse.
 18071 | D:12     | Reached XP level 15. HP: 96/96 MP: 22/22
 18252 | D:12     | 18252 ||| DRINKING 2 lumpy brown potions.
 18253 | D:12     | 18253 ||| DRINKING 6 potions of curing.
 18253 | D:12     | 18253 ||| (to cure confusion)
 18254 | D:12     | 18254 ||| DROPPING potion of ambrosia.
 18285 | D:13     | 18285 ||| FLEEEEING.
 18286 | D:13     | 18286 ||| FLEEEEING.
 18287 | D:13     | 18287 ||| FLEEEEING.
 18288 | D:13     | 18288 ||| FLEEEEING.
 18289 | D:13     | 18289 ||| FLEEEEING.
 18291 | D:13     | 18291 ||| STAIRDANCE
 18343 | D:13     | Received a gift from Okawaru
 18350 | D:13     | Noticed Lodul
 18351 | D:13     | 18351 ||| Stepping ~*~*~tactically~*~*~ (stealth).
 18362 | D:13     | 18362 ||| Stepping ~*~*~tactically~*~*~ (stealth).
 18374 | D:13     | Killed Lodul
 18552 | D:13     | 18552 ||| Stepping ~*~*~tactically~*~*~ (hiding).
 18553 | D:13     | 18553 ||| Stepping ~*~*~tactically~*~*~ (hiding).
 18554 | D:13     | 18554 ||| Stepping ~*~*~tactically~*~*~ (hiding).
 18555 | D:13     | 18555 ||| Stepping ~*~*~tactically~*~*~ (hiding).
 18565 | D:13     | Received a gift from Okawaru
 18946 | D:13     | 18946 ||| Stepping ~*~*~tactically~*~*~ (hiding).
 19070 | D:13     | 19070 ||| Stepping ~*~*~tactically~*~*~ (hiding).
 19601 | D:14     | 19601 ||| Stepping ~*~*~tactically~*~*~ (stealth).
 19611 | D:14     | 19611 ||| INVOKING Heroism.
 19665 | D:14     | 19665 ||| INVOKING Heroism.
 19972 | D:14     | 19972 ||| Stepping ~*~*~tactically~*~*~ (stealth).
 19973 | D:14     | 19973 ||| INVOKING Heroism.
 19994 | D:14     | Reached skill level 6 in Dodging
 20262 | D:15     | Entered Level 15 of the Dungeon
 20269 | D:15     | 20269 ||| INVOKING Heroism.
 20480 | D:15     | 20480 ||| INVOKING Heroism.
 20807 | D:15     | 20807 ||| Stepping ~*~*~tactically~*~*~ (hiding).
 20808 | D:15     | 20808 ||| Stepping ~*~*~tactically~*~*~ (hiding).
 20809 | D:15     | 20809 ||| Stepping ~*~*~tactically~*~*~ (hiding).
 20818 | D:15     | Received a gift from Okawaru
 20875 | D:15     | 20875 ||| INVOKING Heroism.
 20876 | D:15     | 20876 ||| SWAPPING to +2 morningstar.
 20877 | D:15     | 20877 ||| INVOKING Finesse.
 20894 | D:15     | 20894 ||| SWAPPING to +9 war axe of a bazaar {speed, rPois
                  | Int+4}.
 20938 | D:15     | Found a staircase to the Depths.
 21000 | D:15     | Reached skill level 9 in Shields
 21347 | D:15     | 21347 ||| Stepping ~*~*~tactically~*~*~ (hiding).
 21349 | D:15     | 21349 ||| Stepping ~*~*~tactically~*~*~ (hiding).
 21350 | D:15     | 21350 ||| Stepping ~*~*~tactically~*~*~ (hiding).
 21352 | D:15     | 21352 ||| Stepping ~*~*~tactically~*~*~ (hiding).
 21353 | D:15     | 21353 ||| Stepping ~*~*~tactically~*~*~ (hiding).
 21413 | D:15     | 21413 ||| PLANNING ORC
 21593 | Orc:1    | Entered Level 1 of the Orcish Mines
 21593 | Orc:1    | You are sucked into a shaft and drop 1 floor!
 21593 | Orc:2    | Entered Level 2 of the Orcish Mines
 21593 | Orc:2    | Found Pusis's Antique Armour Emporium.
 21593 | Orc:2    | Noticed an orc warlord
 21594 | Orc:2    | 21594 ||| INVOKING Heroism.
 21603 | Orc:2    | 21603 ||| INVOKING Finesse.
 21609 | Orc:2    | HP: 23/99 [orc warlord/+1 great mace of draining (13)]
 21610 | Orc:2    | 21610 ||| READING 13 scrolls of teleportation.
 21610 | Orc:2    | HP: 4/99 [orc warlord/+1 great mace of draining (19)]
 21610 | Orc:2    | Slain by an orc warrior

Levels and vault maps discovered:
D:1:      mrwooster_arrival_statue, layout_basic, minivault_4
D:2:      minmay_roachtagon, layout_loops_ring, uniq_crazy_yiuf_cottage
D:3:      layout_basic, mainiacjoe_overflow_tiny_flanked, uniq_sigmund
D:4:      layout_gridville, nicolae_qazlal_general_emergency,
          minmay_temple_entry_grid
D:5:      layout_basic, grunt_decor_resistance, kennysheep_generic_room_15
D:6:      layout_loops_cross, mainiacjoe_overflow_cross_hatched,
          serial_aquarium, aquarium_bridge_straight [aquarium_subvault_bridge,
          aquarium_subvault_balcony, aquarium_subvault_bridge,
          aquarium_subvault_window], aquarium_bridge_long_separate
          [aquarium_subvault_bridge, aquarium_subvault_window,
          aquarium_subvault_bridge, aquarium_subvault_bridge,
          aquarium_subvault_wall, aquarium_subvault_bridge], aquarium_window_1,
          aquarium_window_fake, aquarium_view_2c, aquarium_pool_corner,
          gup_ossuary_entry_pyramid, minmay_misc_feat_rugged,
          grunt_ministairs_15, nicolae_shop_distant_corner_stores
D:7:      layout_basic, mainiacjoe_overflow_small_starburst, enter_bailey_3,
          minmay_ruined_shrine
D:8:      layout_loops_ring, lemuel_coloured_pillars_altar, uniq_prince_ribbit1
D:9:      layout_long_grid, amcnicky_altar_gilded,
          grunt_lair_entry_orc_guard_hut, hiddenorc1_lemuel, eino_tiny_chamber,
          minmay_misc_feat_square, library_closet, minmay_misc_feat_five,
          minmay_misc_feat_x, grunt_ministairs_7, hangedman_decor_lopped,
          uniq_psyche
D:10:     layout_irregular_city, nicolae_overflow_crystal_walls
D:11:     layout_small_grid
D:12:     layout_basic, cheibriados_altar_2
D:13:     layout_layer_cave, uniq_lodul
D:14:     layout_basic, david_vaults_5, chequers_serial_rivers_small_b
D:15:     hangedman_depths_entry_try_elsewhere_first, layout_long_grid
Temple:   hellmonk_temple_of_storms
Lair:1:   layout_long_grid, nicolae_quartered_pool_little, grunt_megastairs_5,
          uniq_joseph, uniq_erica
Lair:2:   lemuel_reptile_caves, layout_hall_layers, minmay_hedge_maze,
          lemuel_old_faithful
Lair:3:   layout_regular_city, swamp_mist, guppyfry_snake_entry_island,
          serial_forest, infiniplex_forest_lined_corner,
          infiniplex_forest_lined_room_2, infiniplex_forest_clump_C,
          infiniplex_forest_clump_long, infiniplex_forest_corner_1,
          infiniplex_forest_corner_1, infiniplex_forest_clump_small,
          infiniplex_forest_split
Lair:4:   layout_layer_cave, nicolae_volcano_entry_hallway
Lair:5:   hangedman_lair_in_review, layout_long_grid,
          hangedman_lair_caniforms_friends, minmay_slime_entry_pillars
Orc:1:    layout_caves
Orc:2:    st_orc_congregation, layout_diamond_mine, serial_shops,
          nicolae_lakefront_shop, basic_altar

Skill      XL: |  1  2  3  4  5  6  7  8  9 10 11 12 13 14 15 |
---------------+----------------------------------------------+-----
Axes           | 2 3 5 7 8 10 11 12 13 15 16 | 16.0
Dodging        | 1 2 3 5 6 |  6.0
Fighting       | 4 6 7 8 9 10 11 12 13 | 13.4
Invocations    | 2 4 6 10 | 10.0
Armour         | 4 5 6 7 8 10 11 | 11.0
Throwing       | 1 3 5 6 |  6.6
Shields        | 4 5 6 7 9 |  9.0

Action                     |  1- 3 |  4- 6 |  7- 9 | 10-12 | 13-15 || total
---------------------------+-------+-------+-------+-------+-------++-------
  Melee: War axe           |   100 |    83 |   237 |   511 |  1077 ||  2008
         Unarmed           |       |       |       |     8 |       ||     8
         Morningstar       |       |       |       |    17 |    30 ||    47
  Throw: Boomerang         |       |    23 |    53 |    43 |    53 ||   172
         Javelin           |       |       |       |    40 |    89 ||   129
 Invoke: Heroism           |       |       |     8 |    19 |    27 ||    54
         Finesse           |       |       |       |     1 |     5 ||     6
    Use: Scroll            |     1 |     7 |     9 |     6 |    10 ||    33
         Potion            |       |       |     3 |     1 |     2 ||     6
   Stab: Petrified         |       |       |       |       |     5 ||     5
 Armour: Scale mail        |    17 |       |       |       |       ||    17
         Plate armour      |    23 |    45 |   157 |   119 |       ||   344
         Chain mail        |       |       |       |   123 |   421 ||   544
  Dodge: Dodged            |    34 |    16 |    53 |   139 |   280 ||   522
  Block: Buckler           |    15 |    17 |    49 |    91 |   176 ||   348

Table legend:
 A = Non-vault XP
 B = Vault XP
 C = Vault XP percentage of total XP
 D = Non-vault monster count
 E = Vault monster count
 F = Vault count percentage of total count
                 A         B        C        D         E       F
            +---------+---------+-------+---------+---------+-------
      Total |   76459 |   39928 |  34.3 |     389 |     203 |  34.3
            +---------+---------+-------+---------+---------+-------
        D:1 |      29 |       0 |   0.0 |      17 |       0 |   0.0
        D:2 |      35 |      22 |  38.6 |      18 |      11 |  37.9
        D:3 |      96 |     223 |  69.9 |      19 |       1 |   5.0
        D:4 |     147 |       0 |   0.0 |       9 |       0 |   0.0
        D:5 |    1131 |     189 |  14.3 |      19 |       2 |   9.5
        D:6 |     527 |     176 |  25.0 |      14 |       3 |  17.6
        D:7 |     942 |     225 |  19.3 |      19 |      10 |  34.5
        D:8 |    3320 |     705 |  17.5 |      33 |       3 |   8.3
        D:9 |    2305 |    1185 |  34.0 |      30 |      23 |  43.4
       D:10 |    2945 |       0 |   0.0 |      17 |       0 |   0.0
       D:11 |    1554 |       0 |   0.0 |       7 |       0 |   0.0
       D:12 |    2349 |       0 |   0.0 |       7 |       0 |   0.0
       D:13 |    6543 |    1717 |  20.8 |      22 |       9 |  29.0
       D:14 |    8840 |    3334 |  27.4 |      27 |       7 |  20.6
       D:15 |   12925 |    2397 |  15.6 |      22 |       3 |  12.0
     Lair:1 |    3375 |    4053 |  54.6 |      13 |       8 |  38.1
     Lair:2 |    3386 |    2623 |  43.7 |      13 |      29 |  69.0
     Lair:3 |    4729 |     473 |   9.1 |      14 |       3 |  17.6
     Lair:4 |    6009 |       0 |   0.0 |      26 |       0 |   0.0
     Lair:5 |   15272 |   20657 |  57.5 |      43 |      81 |  65.3
      Orc:2 |       0 |    1949 | 100.0 |       0 |      10 | 100.0
            +---------+---------+-------+---------+---------+-------
